 Dungeon Crawl Stone Soup version 0.17.1-2-g5865329 (webtiles) character file.

24 ololoev the Skirmisher (level 2, -9/24 HPs)
             Began as a Demonspawn Fighter on Jan 25, 2016.
             Killed from afar by Natasha (10 damage)
             ... with a wand of frost
             ... on level 2 of the Dungeon.
             The game lasted 00:02:01 (397 turns).

ololoev the Skirmisher (Demonspawn Fighter)          Turns: 397, Time: 00:02:01

Health: -9/24      AC:  6    Str: 16    XL:     2   Next: 79%
Magic:  2/2        EV:  6    Int: 14    God:
Gold:   76         SH:  8    Dex: 12    Spells: 0 memorised, 1 level left

rFire  . . .     SeeInvis .     i - +0 short sword (venom)
rCold  . . .     Clarity  .     b - +0 scale mail
rNeg   . . .     SustAt   .     c - +0 shield
rPois  .         Gourm    .     (no helmet)
rElec  .         Spirit   .     (no cloak)
rCorr  .         Warding  .     (no gloves)
rMut   .         Stasis   .     (no boots)
MR     .....                    (no amulet)
Stlth  +.........               (no ring)
                                (no ring)

@: brilliant, not resistant to hostile enchantments, very unstealthy
A: nightstalker 1
a: no special abilities


Innate Abilities, Weirdness & Mutations

You are slightly more attuned to the shadows.

Inventory:

Hand Weapons
 a - a +0 war axe
 i - a +0 short sword of venom (weapon)
Armour
 b - a +0 scale mail (worn)
 c - a +0 shield (worn)
Scrolls
 f - 2 scrolls of remove curse {unknown}
 j - a scroll of fog {unknown}
 n - a scroll of immolation {unknown}
Potions
 d - a potion of might
Comestibles
 e - a bread ration
 g - a beef jerky
 k - a slice of pizza
 m - 7 fruits


   Skills:
 - Level 3.0 Fighting
 * Level 2.7 Axes
 + Level 3.0 Armour
 - Level 2.6 Shields


You had one spell level left.
You didn't know any spells.


You were on level 2 of the Dungeon.
You were not hungry.

You visited 1 branch of the dungeon, and saw 2 of its levels.

You collected 76 gold pieces.

.......#............#
##+###.#............#
#h#............#
#.#.........†..#
#.#............#
#.#............#
#.#........###.#
#.#......†.# +#
#@#........#
#.#........#
#.#........##....#
#.#........##....#
#..........##....#
#.####......#....#
#.# #..)...#.....
#...)........
#...........#

Notes
Turn   | Place    | Note
--------------------------------------------------------------
     0 | D:1      | ololoev the Demonspawn Fighter began the quest for the Orb.
     0 | D:1      | Reached XP level 1. HP: 18/18 MP: 1/1
   145 | D:1      | Gained mutation: You are slightly more attuned to the shadows. [demonic ancestry]
   145 | D:1      | Reached XP level 2. HP: 12/24 MP: 2/2
   387 | D:2      | Noticed Natasha
   390 | D:2      | HP: 1/24 [Natasha/wand of frost (7)]
   397 | D:2      | Killed from afar by Natasha

Dungeon Overview and Level Annotations

Branches:
Dungeon (2/15)

Altars:

Annotations:
D:2 Natasha


Message History

a club; a kobold corpse You see here a hand axe.
A rat comes into view.
Found 8 gold pieces.
You barely miss the rat. You block the rat's attack.
You hit the rat.
You kill the rat!
You see here a rat corpse.
A rat comes into view.
Found 14 gold pieces.
You closely miss the rat. The rat bites you but does no damage.
You block the rat's attack.
You closely miss the rat. The rat bites you but does no damage.
You hit the rat.
You kill the rat!
No target in view!
You now have 62 gold pieces (gained 8).
You see here a rat corpse.
All of the chunks of flesh in your inventory have rotted away.
You now have 76 gold pieces (gained 14).
You open the door.
A giant newt comes into view.
The giant newt bites you.
Found 3 fruits.
There is an open door here.
You hit the giant newt.
You kill the giant newt!
Natasha, Servant of Life and Death comes into view.
Natasha hisses angrily.
Natasha zaps a wand.
The puff of frost hits you!
It is a wand of frost.
Natasha zaps a wand.
The puff of frost hits you!
You see here 3 fruits.
m - 7 fruits (gained 3) Natasha zaps a wand.
The puff of frost hits you!
You aren't carrying any items that can be evoked.
Drink which item? (? for menu, Esc to quit)
It was a potion of brilliance.
You feel clever all of a sudden.
Natasha zaps a wand.
The puff of frost hits you!
You die...

You could see Natasha.

Vanquished Creatures
  2 giant geckos
  3 giant cockroaches (D:1)
  2 hobgoblins (D:1)
  3 kobolds
  2 giant newts
  3 goblins
  7 rats
22 creatures vanquished.

Action                   || total
-------------------------++-------
Melee: War axe           ||    31
       Short sword       ||    39
  Use: Potion            ||     1

Vault maps used:
D:1:      mrwooster_arrival_statue, st_stairs_14, minivault_27
D:2:      ecumenical_altar_1, kennysheep_generic_room_7, uniq_natasha
